 Dungeon Crawl Stone Soup version 0.20-a0-623-gaf3b657 (webtiles) character file.

4676 Anonex the Thaumaturge (level 10, -4/56 HPs)
             Began as a Gargoyle Earth Elementalist on Feb 10, 2017.
             Was a Believer of Vehumet.
             Slain by a death yak (23 damage)
             ... on level 9 of the Dungeon.
             The game lasted 00:35:15 (15449 turns).

Anonex the Thaumaturge (GrEE)                      Turns: 15449, Time: 00:35:15

Health: -4/56      AC: 14    Str: 13    XL:     10   Next: 44%
Magic:  2/23       EV: 13    Int: 24    God:    Vehumet [**....]
Gold:   527        SH:  0    Dex: 13    Spells: 15/27 levels left

rFire    + . .     SeeInvis .   B - +2 short sword (freeze)
rCold    . . .     Gourm    .   C - +2 robe {rF+}
rNeg     + . .     Faith    +   (no shield)
rPois    ∞         Spirit   .   p - +0 helmet
rElec    +         Reflect  .   (no cloak)
rCorr    .         Harm     .   f - +1 pair of gloves {Dex+3}
MR       .....                  (no boots)
Stlth    ++........             G - amulet of faith
Regen    0.2/turn               v - +6 ring of intelligence
                                w - ring of wizardry

@: no status effects
A: negative energy resistance 1, electricity resistance, unbreathing,
petrification resistance, rot immunity, AC +7
a: Renounce Religion


You were on level 9 of the Dungeon.
You worshipped Vehumet.
Vehumet was pleased with you.
You were not hungry.

You visited 2 branches of the dungeon, and saw 11 of its levels.

You collected 527 gold pieces.

Inventory:

Hand Weapons
 z - a +2 morningstar of flaming
 B - a +2 short sword of freezing (weapon)
 K - a +0 triple sword
 M - a +0 scimitar
Missiles
 b - 320 stones (quivered)
Armour
 f - a +1 pair of gloves of dexterity (worn)
 p - a +0 helmet (worn)
 C - a +2 robe of fire resistance (worn)
Jewellery
 l - an uncursed ring of see invisible
 v - a +6 ring of intelligence (right hand)
 w - a ring of wizardry (left hand)
 A - an uncursed ring of wizardry
 G - an amulet of faith (around neck)
 P - an uncursed ring of resist corrosion
Wands
 D - a wand of random effects (33/48)
 E - a wand of paralysis (24/24)
 F - a wand of polymorph (12/24)
 H - a wand of flame (16/48)
 L - a wand of polymorph (13/24)
 N - a wand of flame (25/48)
Scrolls
 h - 5 scrolls of remove curse
 m - 2 scrolls of amnesia
 r - 2 scrolls of enchant weapon
 y - a scroll of magic mapping
Potions
 c - 2 potions of berserk rage
 g - a potion of cancellation
 j - 2 potions of might
 k - 3 potions of curing
 q - 3 potions of magic
 s - 3 potions of lignification
 u - a potion of invisibility
 x - 3 potions of mutation
 I - a potion of agility
 Q - a potion of resistance {unknown}
Books
 e - a book of Geomancy

   Spells                             Type                      Level
   a - Sandblast                      Earth                        1
   b - Passwall                       Transmutation/Earth          2
   c - Stone Arrow                    Conjuration/Earth            3
   d - Petrify                        Transmutation/Earth          4
   e - Lee's Rapid Deconstruction     Earth                        5
 O - a book of Callings

   Spells                             Type                      Level
   a - Summon Small Mammal            Summoning                    1
   b - Call Imp                       Summoning                    2
   c - Call Canine Familiar           Summoning                    3
   d - Summon Guardian Golem          Hexes/Summoning              3
   e - Summon Lightning Spire         Summoning/Air                4
   f - Summon Ice Beast               Ice/Summoning                4
Comestibles
 a - a royal jelly
 d - 5 bread rations
 i - 2 chunks of flesh
 n - 3 meat rations
 o - 30 fruits


   Skills:
 + Level 3.2 Fighting
 * Level 3.4 Long Blades
 + Level 3.5 Armour
 + Level 3.1 Dodging
 - Level 2.1 Stealth
 * Level 9.0 Spellcasting
 + Level 6.7 Conjurations
   Level 0.7 Transmutations
 + Level 8.9 Earth Magic


You had 15 spell levels left.
You knew the following spells:

 Your Spells              Type           Power        Failure   Level  Hunger
a - Sandblast             Erth           ######       1%          1    None
b - Stone Arrow           Conj/Erth      #####.       1%          3    None
c - Lee's Rapid Deconstr  Erth           ######....   1%          5    ####...
d - Summon Guardian Gole  Hex/Summ       ##......     9%          3    None


Dungeon Overview and Level Annotations

Branches:
Dungeon (10/15)            Temple (1/1) D:7            Lair (0/6) D:10
    Orc: D:9-12

Altars:
Ashenzari
Cheibriados
Dithmenos
Elyvilon
Fedhas
Gozag
Hepliaklqana
Kikubaaqudgha
Makhleb
Nemelex Xobeh
Okawaru
Qazlal
Ru
Sif Muna
Trog
Uskayaw
Vehumet
Xom
Yredelemnul
Zin
The Shining One
Beogh


Innate Abilities, Weirdness & Mutations

You are resistant to torment.
Your stone body is resilient. (AC +7)
You are immune to poison.
You resist negative energy. (rN+)
You are resistant to electric shocks. (rElec)
You can survive without breathing.
You are immune to petrification.
You are immune to rotting.


Message History

The stone arrow hits the death yak.
The death yak is heavily wounded.
The death yak gores you!
Casting: Stone Arrow
Confirm with . or Enter, or press ? or * to list all spells.
Aiming: Stone Arrow
Press: ? - help, Shift-Dir - straight line, f/p - death yak
Aim: a death yak (heavily wounded)
The stone arrow hits the death yak.
The death yak is heavily wounded.
The death yak gores you but does no damage.
Casting: Stone Arrow
Confirm with . or Enter, or press ? or * to list all spells.
Aiming: Stone Arrow
Press: ? - help, Shift-Dir - straight line, f/p - death yak
Aim: a death yak (heavily wounded)
The stone arrow hits the death yak.
The death yak is severely wounded.
The death yak gores you!!
You die...

###.......## #..# ##....##..#
#..# #...####..## #..# ##..##
##..## #..# ##..########..##
#.(# #..## #.<......## ##..#
..## ##.........## #..## .##
##........8Y.## #####..## ##
#..........#@.#######.......#
#
##........8###...........###..
#..........# #.....####### ###
#.......>..# #..#### # #
#.........####.## ##
#.........# #..# .#
##.......## #..# .## ##......#
##.## ..# #.<...## #..#


You could see a death yak and a friendly guardian golem.

Vanquished Creatures
  An ugly thing (D:9)
  The ghost of ZlagarX the Caller, a novice DgSu (D:5)
  A troll (D:9)
  Prince Ribbit (D:6)
  A wyvern (D:9)
  Edmund (D:4)
  Duvessa (D:4)
  4 orc warriors (D:9)
  2 ice beasts
  A necrophage (D:9)
  3 ogres
  A black bear (D:8)
  A big kobold (D:8)
  3 bullfrogs (D:8)
  Dowan (D:4)
  A gnoll sergeant (D:9)
  3 scorpions
  3 killer bees (D:9)
  2 howler monkeys
  5 crimson imps
  2 centaur zombies
  A bullfrog skeleton (D:8)
  A bullfrog zombie (D:7)
  3 orc priests
  5 hounds
  A jelly (D:9)
  2 centaur skeletons
  Ijyb (D:6)
  Natasha (thrice) (D:4)
  An iguana (D:5)
  5 orc wizards
  9 worker ants
  A hound skeleton (D:6)
  A worker ant zombie (D:8)
  2 howler monkey zombies (D:5)
  14 adders
  11 gnolls
  2 shadow imps (D:5)
  An ooze (D:4)
  An adder zombie (D:5)
  An adder skeleton (D:4)
  3 worms (D:3)
  A dart slug (D:1)
  5 leopard geckos
  35 orcs
  6 giant cockroaches
  5 hobgoblins
  23 jackals
  4 quokkas
  6 bats
  2 frilled lizards
  10 goblins
  A jackal zombie (D:6)
  7 kobolds
  2 leopard gecko skeletons
  A leopard gecko zombie (D:6)
  A quokka zombie (D:8)
  10 rats
227 creatures vanquished.

Notes
Turn   | Place    | Note
-------+----------+-------------------------------------------
     0 | D:1      | Anonex the Gargoyle Earth Elementalist began the quest for the Orb.
     0 | D:1      | Reached XP level 1. HP: 10/10 MP: 3/3
   289 | D:1      | Reached XP level 2. HP: 13/15 MP: 5/5
  1198 | D:2      | Reached XP level 3. HP: 5/19 MP: 5/7
  1203 | D:2      | Learned a level 3 spell: Stone Arrow
  1793 | D:2      | Reached skill level 3 in Spellcasting
  1793 | D:2      | Reached skill level 1 in Conjurations
  2035 | D:2      | Reached XP level 4. HP: 24/24 MP: 8/8
  3093 | D:3      | Noticed Ijyb
  3608 | D:3      | Reached XP level 5. HP: 27/28 MP: 10/10
  3891 | D:3      | Learned a level 5 spell: Lee's Rapid Deconstruction
  3904 | D:3      | Found a stormy altar of Qazlal.
  4727 | D:4      | Reached skill level 4 in Spellcasting
  4903 | D:4      | Found a shadowy altar of Dithmenos.
  4926 | D:4      | Noticed Natasha
  4946 | D:4      | Killed Natasha
  5069 | D:4      | Reached skill level 5 in Earth Magic
  5069 | D:4      | Reached XP level 6. HP: 12/32 MP: 9/12
  5082 | D:4      | Noticed Natasha
  5092 | D:4      | Killed Natasha
  5287 | D:4      | Noticed Natasha
  5291 | D:4      | Killed Natasha
  5499 | D:4      | You fall through a shaft for 2 floors!
  5639 | D:5      | Entered Level 5 of the Dungeon
  5642 | D:5      | Found a white marble altar of Elyvilon.
  5975 | D:5      | Noticed ZlagarX's ghost (novice DgSu)
  6236 | D:6      | Noticed an ice beast
  6241 | D:6      | Killed an ice beast
  6241 | D:6      | Reached skill level 5 in Spellcasting
  6241 | D:6      | Reached XP level 7. HP: 36/36 MP: 8/14
  6435 | D:6      | Killed Ijyb
  6677 | D:6      | Noticed Prince Ribbit
  7767 | D:5      | Killed ZlagarX's ghost
  7767 | D:5      | Reached skill level 6 in Spellcasting
  7767 | D:5      | Reached XP level 8. HP: 41/41 MP: 2/17
  8053 | D:5      | Found a shattered altar of Ashenzari.
  8055 | D:5      | Found a hazy altar of Hepliaklqana.
  8321 | D:4      | Found a hide-covered altar of Uskayaw.
  8397 | D:4      | Noticed Duvessa
  8403 | D:4      | Killed Duvessa
  8693 | D:4      | Noticed Edmund
  8714 | D:4      | Killed Edmund
  8729 | D:4      | Noticed Dowan
  8730 | D:4      | Killed Dowan
  8730 | D:4      | Reached skill level 5 in Conjurations
  8901 | D:4      | Reached skill level 7 in Spellcasting
  9706 | D:4      | Found a sparkling altar of Nemelex Xobeh.
  9898 | D:6      | Killed Prince Ribbit
 10132 | D:7      | Reached XP level 9. HP: 39/45 MP: 20/20
 10218 | D:7      | Found a staircase to the Ecumenical Temple.
 10229 | Temple   | Entered the Ecumenical Temple
 10577 | Temple   | Became a worshipper of Vehumet
 10782 | D:7      | Found a blossoming altar of Fedhas.
 11339 | D:8      | Reached skill level 1 in Armour
 11584 | D:8      | Found a deep blue altar of Sif Muna.
 11603 | D:8      | Reached skill level 1 in Long Blades
 11996 | D:8      | Reached skill level 8 in Spellcasting
 12121 | D:8      | Found a burning altar of Makhleb.
 12121 | D:8      | Found an opulent altar of Gozag.
 12165 | D:8      | Reached skill level 1 in Fighting
 12670 | D:8      | Reached * piety under Vehumet
 12670 | D:8      | Offered knowledge of Magic Dart by Vehumet.
 13003 | D:9      | Noticed a troll
 13009 | D:9      | Killed a troll
 13294 | D:9      | Reached XP level 10. HP: 54/54 MP: 22/22
 13332 | D:9      | Reached ** piety under Vehumet
 13332 | D:9      | Offered knowledge of Flame Tongue by Vehumet.
 13367 | D:9      | Found a roughly hewn altar of Beogh.
 14404 | D:9      | Offered knowledge of Static Discharge by Vehumet.
 14409 | D:9      | Learned a level 3 spell: Summon Guardian Golem
 14677 | D:9      | Noticed a cyan ugly thing
 14692 | D:9      | Killed a cyan ugly thing
 15215 | D:10     | Entered Level 10 of the Dungeon
 15271 | D:9      | Reached skill level 9 in Spellcasting
 15429 | D:10     | Found a staircase to the Lair.
 15430 | D:10     | Noticed a death yak
 15449 | D:9      | Slain by a death yak

Vault maps used:
D:1:      evilmike_arrival_crescent
D:2:      hangedman_feature_mirror
D:3:      grunt_qazlal_sundering, first_bread, uniq_iyjb
D:4:      eat_drink_and_be_merry_uskayaw, grunt_dithmenos_smoke_and_mirrors,
          nemelex_dance_club_becter, uniq_edmund, uniq_natasha, uniq_duvessa
D:5:      nicolae_overflow_hidden_temple, grunt_temple_overflow_open,
          minmay_crystal_water
D:6:      uniq_prince_ribbit1
D:7:      temple_statues, basic_altar
D:8:      lemuel_doored_altar, amethyst_overflow_temple_binary,
          blue_anna_alchemist
D:9:      special_room
D:10:     david_lair_generic, david_orc_1_choice, minivault_22, uniq_erica,
          uniq_snorg, uniq_harold
Temple:   hc_temple_tempest_star

Skill      XL: |  1  2  3  4  5  6  7  8  9 10 |
---------------+-------------------------------+-----
Earth Magic    | 4 5 6 7 8 |  8.9
Spellcasting   | 3 4 5 6 7 8 9 |  9.0
Conjurations   | 1 2 3 4 5 6 |  6.7
Armour         | 2 3 |  3.5
Long Blades    | 2 3 |  3.4
Dodging        | 2 3 |  3.1
Fighting       | 2 3 |  3.2
Stealth        | |  2.1
Transmutations | |  0.7

Action                   |  1- 3 |  4- 6 |  7- 9 | 10-12 || total
-------------------------+-------+-------+-------+-------++-------
Melee: Dagger            |   107 |    72 |       |       ||   179
       Falchion          |       |   131 |    89 |       ||   220
       Short sword       |       |       |   202 |   117 ||   319
       Triple sword      |       |       |    48 |       ||    48
 Cast: Sandblast         |     3 |    21 |     6 |       ||    30
       Stone Arrow       |       |    14 |    49 |    37 ||   100
       Lee's Rapid Decon |       |       |     9 |     7 ||    16
       Summon Guardian G |       |       |       |     4 ||     4
  Use: Scroll            |       |    11 |    13 |       ||    24
       Potion            |       |     3 |     3 |       ||     6
 Stab: Sleeping          |     3 |     3 |     2 |     1 ||     9
       Distracted        |       |       |     3 |       ||     3
  Eat: Chunk             |     4 |    12 |    23 |     6 ||    45
       Royal jelly       |       |     1 |     1 |     1 ||     3
Armor: Robe              |    36 |   102 |   173 |    74 ||   385
Dodge: Dodged            |    54 |   200 |   236 |   107 ||   597
       Rpst.: Falchion   |       |    45 |    25 |       ||    70
       Triple sword      |       |       |    12 |       ||    12
